 Dungeon Crawl Stone Soup version 0.21.1-1-g345015f (webtiles) character file.

835 tidbits the Insei (level 7, 53/53 HPs)
             Began as a Gnoll Transmuter on Feb 9, 2018.
             Quit the game in the Ecumenical Temple.
             The game lasted 00:13:37 (1229 turns).

tidbits the Insei (Gnoll Transmuter)                Turns: 1229, Time: 00:13:38

Health: 53/53      AC: 11    Str: 13    XL:     7   Next: 99%
Magic:  15/15      EV: 14    Int: 17    God:
Gold:   140        SH:  0    Dex: 15    Spells: 11/17 levels left

rFire    . . .     SeeInvis .     - Unarmed
rCold    . . .     Gourm    .   (no shield)
rNeg     + . .     Faith    .   B - +0 acid dragon scales
rPois    .         Spirit   .   E - +1 helmet
rElec    .         Reflect  .   c - +0 cloak
rCorr    +         Harm     .   H - +0 pair of gloves
MR       .....                  (no boots)
Stlth    ++........             (no amulet)
HPRegen  0.17/turn              D - ring of positive energy
MPRegen  0.14/turn              (no ring)

@: no status effects
A: distributed training, fangs 1, strong nose
a: no special abilities


You were in the Ecumenical Temple.
You were hungry.

You visited 2 branches of the dungeon, and saw 7 of its levels.

You collected 140 gold pieces.

Inventory:

Hand Weapons
 g - a +0 rapier
 h - a +0 dagger
 j - a +1 flail of venom
   (You took it off a gnoll on level 6 of the Dungeon)
 l - a +0 dagger
 n - a +0 war axe
 v - a +0 short sword
 y - a +0 hunting sling
 C - a +2 dagger of chaos
   (You took it off a crimson imp on level 3 of the Dungeon)
Missiles
 a - 25 arrows
 f - 11 tomahawks (quivered)
 k - 6 silver tomahawks
 z - 44 stones
 G - a throwing net {!f}
Armour
 b - a +0 robe
 c - a +0 cloak (worn)
 i - a +0 ring mail
 A - a +3 ring mail
 B - +0 acid dragon scales (worn)
 E - a +1 helmet (worn)
 H - a +0 pair of gloves (worn)
Jewellery
 D - a ring of positive energy (left hand)
   (You found it on level 3 of the Dungeon)
Wands
 u - a wand of polymorph (12)
Scrolls
 m - a scroll of amnesia
 q - a scroll of enchant armour
 r - 4 scrolls of remove curse
 t - a scroll of teleportation {unknown}
 x - a scroll of immolation {unknown}
Potions
 e - a potion of agility
 p - 2 potions of flight
 s - a potion of cancellation
 w - a potion of heal wounds
 F - a potion of ambrosia {unknown}
 I - a potion of haste {unknown}
Books
 o - a book of Changes

   Spells                             Type                      Level
   a - Beastly Appendage              Transmutation                1
   b - Sticks to Snakes               Transmutation                2
   c - Spider Form                    Transmutation/Poison         3
   d - Ice Form                       Ice/Transmutation            4
   e - Blade Hands                    Transmutation                5
Comestibles
 d - 4 rations


   Skills:
 + Level 3.8 Fighting
 + Level 2.7 Short Blades
 + Level 2.7 Long Blades
 + Level 2.7 Axes
 + Level 2.7 Maces & Flails
 + Level 2.7 Polearms
 + Level 2.7 Staves
 + Level 2.7 Slings
 + Level 2.7 Bows
 + Level 2.7 Crossbows
 + Level 2.7 Throwing
 + Level 2.7 Armour
 + Level 5.4 Dodging
 + Level 2.7 Stealth
 + Level 2.7 Shields
 + Level 7.1 Unarmed Combat
 + Level 5.7 Spellcasting
 + Level 2.2 Conjurations
 + Level 2.2 Hexes
 + Level 2.2 Charms
 + Level 2.2 Summonings
 + Level 2.2 Necromancy
 + Level 2.2 Translocations
 + Level 4.4 Transmutations
 + Level 2.2 Fire Magic
 + Level 2.2 Ice Magic
 + Level 2.2 Air Magic
 + Level 2.2 Earth Magic
 + Level 2.2 Poison Magic
 + Level 3.0 Invocations
 + Level 2.7 Evocations


You had 11 spell levels left.
You knew the following spells:

 Your Spells              Type           Power        Failure   Level  Hunger
e - Beastly Appendage     Tmut           ###...       3%          1    None
k - Sticks to Snakes      Tmut           ###.....     4%          2    #......
p - Spider Form           Tmut/Pois      ###.......   14%         3    ##.....


Dungeon Overview and Level Annotations

Branches:
Dungeon (6/15)             Temple (1/1) D:6

Altars:
Ashenzari
Dithmenos
Elyvilon
Fedhas
Gozag
Hepliaklqana
Kikubaaqudgha
Nemelex Xobeh
Okawaru
Qazlal
Ru
Sif Muna
Vehumet
Wu Jian
Xom
Yredelemnul
The Shining One


Innate Abilities, Weirdness & Mutations

Your experience applies equally to all skills.
You have very sharp teeth.
Your uncanny sense of smell can sniff out nearby items.


Message History

You now have 136 gold pieces (gained 8).
You open the door.
Things that are here:
a jackal corpse x2
There is a stone staircase leading up here.
You climb upwards.
An adder and a worker ant come into view.
The adder hisses angrily.
Found a scroll labeled LYMUST KIONIEZ.
There is a stone staircase leading down here.
Unknown command.
Casting: Beastly Appendage
Confirm with . or Enter, or press ? or * to list all spells.
Your feet morph into talons.
The adder bites you but does no damage.
You hit the adder.
The adder is heavily wounded.
The adder bites you but does no damage.
You punch the adder!
You kill the adder!
You barely miss the worker ant. The worker ant bites you.
You barely miss the worker ant. Your kick misses the worker ant.
The worker ant closely misses you.
You hit the worker ant. You claw the worker ant!
You bite the worker ant, but do no damage.
The worker ant is heavily wounded.
The worker ant barely misses you.
You hit the worker ant. You claw the worker ant.
The worker ant is almost dead.
The worker ant bites you.
You are poisoned.
The worker ant poisons you!
The worker ant bites you but does no damage.
You hit the worker ant.
You kill the worker ant!
You feel sick.
You feel sick.
You see here a scroll labeled LYMUST KIONIEZ.
m - 5 scrolls labeled LYMUST KIONIEZ (gained 1)
You feel sick.
You see here an adder corpse.
You feel sick.
There is a stone staircase leading down here.
You climb downwards.
There is a stone staircase leading up here.
Unknown command.
You feel sick.
You feel sick.
You are no longer poisoned.
Your transformation is almost over.
A leopard gecko comes into view.
Your talons disappear.
Found 18 stones.
Casting: Beastly Appendage
Confirm with . or Enter, or press ? or * to list all spells.
Your feet morph into talons.
You miss the leopard gecko.
You kill the leopard gecko!
Found a mace and 4 gold pieces.
You see here 4 gold pieces.
You now have 140 gold pieces (gained 4).
You see here a mace.
You open the door.
Found a deep blue altar of Sif Muna.
As you read the scroll labeled LYMUST KIONIEZ, it crumbles to dust.
You feel as if something is helping you.
It was a scroll of remove curse.
Adjust (i)tems, (s)pells, or (a)bilities?
Adjust which item? (? for menu, Esc to quit)
m - 4 scrolls of remove curse Adjust to which letter? (? for menu, Esc to quit)
r - 4 scrolls of remove curse;
m - a scroll of amnesia Unknown command.
Okay, then.
Your transformation is almost over.
Your talons disappear.
HP restored.
You see here 18 stones.
There is an open door here.
Found a stone staircase leading down.
There is an open door here.
Things that are here:
a spear of venom; a gnoll corpse
Found a staircase to the Ecumenical Temple.
You are feeling hungry.
Found a mace.
There is a staircase to the Ecumenical Temple here.
You climb downwards.
Welcome to the Ecumenical Temple!
There is a staircase back to the Dungeon here.
Unknown command.
You open the gate.
Found three altars.
There is an open gate here.
Found a basalt altar of Yredelemnul.
Found a shadowy altar of Dithmenos.
Found a sparkling altar of Nemelex Xobeh.
Found a shattered altar of Ashenzari.
There is a fountain of clear blue water here.
Found a hazy altar of Hepliaklqana.
Found an iron altar of Okawaru and a blossoming altar of Fedhas.
Are you sure you want to abandon this character and quit the game? (Confirm with "yes".)

.......................
.......................♣
_.................._...♣
......_...._...........♣
.......................♣
.......................♣
.......................♣
.._....⌠....⌠...._.....♣
................@......♣
.......................♣
.......................♣
........_...._.........♣
_.................._...♣
.......................♣
.......................♣
♣♣♣♣♣♣♣♣♣♣♣♣♣♣♣♣♣♣♣♣♣♣♣♣


There were no monsters in sight!

Vanquished Creatures
  Eustachio (D:6)
  An orc warrior (D:6)
  An ice beast (D:6)
  5 crimson imps
  A howler monkey (D:3)
  A hound (D:6)
  A gnoll shaman (D:6)
  An orc priest (D:6)
  A worker ant (D:5)
  A howler monkey zombie (D:6)
  8 gnolls
  2 howler monkey skeletons (D:5)
  4 adders
  2 dart slugs (D:2)
  3 leopard geckos
  3 orcs
  2 ball pythons
  5 bats
  2 giant cockroaches
  7 goblins
  3 hobgoblins
  6 jackals
  2 frilled lizards (D:3)
  4 kobolds
  A leopard gecko skeleton (D:5)
  3 rats (D:2)
71 creatures vanquished.

Vanquished Creatures (collateral kills)
  A rat (D:3)
1 creature vanquished.

Grand Total: 72 creatures vanquished

Notes
Turn   | Place    | Note
-------+----------+-------------------------------------------
     0 | D:1      | tidbits the Gnoll Transmuter began the quest for the Orb.
     0 | D:1      | Reached XP level 1. HP: 17/17 MP: 6/6
   146 | D:1      | Reached XP level 2. HP: 21/23 MP: 7/7
   150 | D:1      | Learned a level 2 spell: Sticks to Snakes
   307 | D:2      | Found a glowing golden altar of the Shining One.
   307 | D:2      | Found a stormy altar of Qazlal.
   389 | D:3      | Found a shimmering altar of Xom.
   390 | D:3      | Noticed a crimson imp
   390 | D:3      | Noticed a crimson imp
   391 | D:3      | Noticed a crimson imp
   439 | D:3      | Killed a crimson imp
   439 | D:3      | Reached skill level 1 in Short Blades
   439 | D:3      | Reached skill level 1 in Long Blades
   439 | D:3      | Reached skill level 1 in Axes
   439 | D:3      | Reached skill level 1 in Maces & Flails
   439 | D:3      | Reached skill level 1 in Polearms
   439 | D:3      | Reached skill level 1 in Staves
   439 | D:3      | Reached skill level 1 in Slings
   439 | D:3      | Reached skill level 1 in Bows
   439 | D:3      | Reached skill level 1 in Crossbows
   439 | D:3      | Reached skill level 1 in Throwing
   439 | D:3      | Reached skill level 1 in Armour
   439 | D:3      | Reached skill level 1 in Stealth
   439 | D:3      | Reached skill level 1 in Shields
   439 | D:3      | Reached skill level 5 in Spellcasting
   439 | D:3      | Reached skill level 1 in Invocations
   439 | D:3      | Reached skill level 1 in Evocations
   439 | D:3      | Reached XP level 3. HP: 15/28 MP: 7/9
   444 | D:3      | Learned a level 3 spell: Spider Form
   458 | D:3      | Reached XP level 4. HP: 21/34 MP: 7/11
   484 | D:3      | Reached skill level 1 in Conjurations
   484 | D:3      | Reached skill level 1 in Hexes
   484 | D:3      | Reached skill level 1 in Charms
   484 | D:3      | Reached skill level 1 in Summonings
   484 | D:3      | Reached skill level 1 in Necromancy
   484 | D:3      | Reached skill level 1 in Translocations
   484 | D:3      | Reached skill level 1 in Fire Magic
   484 | D:3      | Reached skill level 1 in Ice Magic
   484 | D:3      | Reached skill level 1 in Air Magic
   484 | D:3      | Reached skill level 1 in Earth Magic
   484 | D:3      | Reached skill level 1 in Poison Magic
   504 | D:3      | Found a sacrificial altar of Ru.
   505 | D:3      | Found an ancient bone altar of Kikubaaqudgha.
   508 | D:3      | Found an opulent altar of Gozag.
   538 | D:3      | Found an ornate altar of the Wu Jian Council.
   615 | D:3      | Reached XP level 5. HP: 34/40 MP: 12/12
   639 | D:2      | Found a faded altar of an unknown god.
   677 | D:3      | Reached skill level 3 in Fighting
   677 | D:3      | Reached skill level 4 in Transmutations
   792 | D:4      | Reached XP level 6. HP: 47/47 MP: 11/13
   822 | D:5      | Entered Level 5 of the Dungeon
   823 | D:5      | Reached skill level 2 in Invocations
   879 | D:5      | Reached skill level 5 in Dodging
   882 | D:5      | Reached skill level 2 in Short Blades
   882 | D:5      | Reached skill level 2 in Long Blades
   882 | D:5      | Reached skill level 2 in Axes
   882 | D:5      | Reached skill level 2 in Maces & Flails
   882 | D:5      | Reached skill level 2 in Polearms
   882 | D:5      | Reached skill level 2 in Staves
   882 | D:5      | Reached skill level 2 in Slings
   882 | D:5      | Reached skill level 2 in Bows
   882 | D:5      | Reached skill level 2 in Crossbows
   882 | D:5      | Reached skill level 2 in Throwing
   882 | D:5      | Reached skill level 2 in Armour
   882 | D:5      | Reached skill level 2 in Stealth
   882 | D:5      | Reached skill level 2 in Shields
   882 | D:5      | Reached skill level 2 in Evocations
   913 | D:6      | Noticed Eustachio
   913 | D:6      | Noticed an orc warrior
   924 | D:6      | Killed an orc warrior
   928 | D:6      | Killed Eustachio
   928 | D:6      | Reached skill level 7 in Unarmed Combat
   928 | D:6      | Reached XP level 7. HP: 52/52 MP: 9/15
   932 | D:6      | Reached skill level 2 in Conjurations
   932 | D:6      | Reached skill level 2 in Hexes
   932 | D:6      | Reached skill level 2 in Charms
   932 | D:6      | Reached skill level 2 in Summonings
   932 | D:6      | Reached skill level 2 in Necromancy
   932 | D:6      | Reached skill level 2 in Translocations
   932 | D:6      | Reached skill level 2 in Fire Magic
   932 | D:6      | Reached skill level 2 in Ice Magic
   932 | D:6      | Reached skill level 2 in Air Magic
   932 | D:6      | Reached skill level 2 in Earth Magic
   932 | D:6      | Reached skill level 2 in Poison Magic
   978 | D:6      | Reached skill level 3 in Invocations
  1143 | D:6      | Found a deep blue altar of Sif Muna.
  1179 | D:6      | Found a staircase to the Ecumenical Temple.
  1190 | Temple   | Entered the Ecumenical Temple
  1229 | Temple   | Quit the game

Skill      XL: |  1  2  3  4  5  6  7 |
---------------+----------------------+-----
Short Blades   | 1 2 |  2.7
Long Blades    | 1 2 |  2.7
Axes           | 1 2 |  2.7
Maces & Flails | 1 2 |  2.7
Polearms       | 1 2 |  2.7
Staves         | 1 2 |  2.7
Slings         | 1 2 |  2.7
Bows           | 1 2 |  2.7
Crossbows      | 1 2 |  2.7
Throwing       | 1 2 |  2.7
Armour         | 1 2 |  2.7
Stealth        | 1 2 |  2.7
Shields        | 1 2 |  2.7
Spellcasting   | 5 |  5.7
Invocations    | 1 2 3 |  3.0
Evocations     | 1 2 |  2.7
Conjurations   | 1 2 |  2.2
Hexes          | 1 2 |  2.2
Charms         | 1 2 |  2.2
Summonings     | 1 2 |  2.2
Necromancy     | 1 2 |  2.2
Translocations | 1 2 |  2.2
Fire Magic     | 1 2 |  2.2
Ice Magic      | 1 2 |  2.2
Air Magic      | 1 2 |  2.2
Earth Magic    | 1 2 |  2.2
Poison Magic   | 1 2 |  2.2
Fighting       | 3 |  3.8
Transmutations | 4 |  4.4
Dodging        | 5 |  5.4
Unarmed Combat | 7 |  7.1

Action                   |  1- 3 |  4- 6 |  7- 9 || total
-------------------------+-------+-------+-------++-------
Melee: Unarmed           |    54 |    95 |    51 ||   200
       Bite              |     3 |     4 |     5 ||    12
       Kick              |     3 |    16 |     9 ||    28
       Headbutt          |     2 |       |       ||     2
       Punch             |     1 |     2 |       ||     3
Throw: Throwing net      |       |     1 |       ||     1
       Tomahawk          |       |       |    12 ||    12
 Cast: Beastly Appendage |    10 |     8 |     4 ||    22
       Spider Form       |     1 |     2 |       ||     3
       Sticks to Snakes  |       |     6 |     2 ||     8
  Use: Scroll            |     5 |       |     2 ||     7
       Potion            |       |     4 |     1 ||     5
 Stab: Sleeping          |     1 |     2 |       ||     3
       Distracted        |       |       |     1 ||     1
  Eat: Chunk             |       |       |     1 ||     1
Armor: Robe              |     8 |     1 |       ||     9
       Acid dragon scale |       |    16 |    13 ||    29
       Skin              |       |    26 |    50 ||    76
Dodge: Dodged            |    42 |    71 |    19 ||   132

Table legend:
 A = Turns spent in this place as a percentage of turns spent in the entire game.
 B = Non-inter-level travel turns spent in this place as a percentage of non-inter-level travel turns spent in the entire game.
 C = Inter-level travel turns spent in this place as a percentage of turns spent in this place.
 D = Turns resting spent in this place as a percentage of non-inter-level travel turns spent in this place.
 E = Turns spent auto-exploring this place as a percentage of non-inter-level travel turns spent in this place.
 F = Non-inter-level travel turns spent in this place divided by the number of levels of this place that you've seen.
                   A       B       C       D       E      F
               +-------+-------+-------+-------+-------+----------------------
         Total | 100.0 | 100.0 |   2.4 |   0.0 |   0.0 | 171.4
       Dungeon |  96.8 |  96.8 |   2.4 |   0.0 |   0.0 | 193.5
        Temple |   3.2 |   3.2 |   0.0 |   0.0 |   0.0 |  39.0
               +-------+-------+-------+-------+-------+----------------------

Table legend:
 A = Kills in this place as a percentage of kills in entire the game.
 B = Kills by you in this place as a percentage of kills by you in the entire game.
 C = Kills by friends in this place as a percentage of kills by friends in the entire game.
 D = Other kills in this place as a percentage of other kills in the entire game.
 E = Experience gained in this place as a percentage of experience gained in the entire game.
 F = Experience gained in this place divided by the number of levels of this place that you have seen.
                   A       B       C       D       E      F
               +-------+-------+-------+-------+-------+----------------------
         Total | 100.0 | 100.0 | 100.0 |   N/A | 100.0 | 170.6
       Dungeon | 100.0 | 100.0 | 100.0 |   N/A | 100.0 | 199.0
               +-------+-------+-------+-------+-------+----------------------

Vault maps used:
D:1:      minmay_arrival_glassed_features
D:2:      gammafunk_temple_overflow_elements, chequers_ecumenical_altar_island,
          first_ration
D:3:      nicolae_overflow_quartered_altars, led_xom_imps
D:4:      tgw_trog
D:5:      kennysheep_slug_shrine, grunt_ministairs_3,
          nicolae_qazlal_general_emergency, uniq_duvessa, uniq_edmund
D:6:      lemuel_blue_sif_altar, minmay_temple_entry_overgrown, serial_shops,
          nicolae_shop_stone, uniq_eustachio
Temple:   cyrus_temple_forest
